Map: [ESL] Data-C

Players

PtitDrogo

  • Race: Protoss Protoss
  • Spawn Location: 3:00

Elazer - Winner!

  • Race: Zerg Zerg
  • Spawn Location: 9:00

Event: DreamHack SC2 Masters 2022 Atlanta (Online)

VOD

Have the link to the VOD?

Description

Time

  • Played on: Oct. 2, 2022, 1:50 p.m.
  • Length: 7:42

All games in this series

Show
View Real Time Build Order
Export as new Build Order

PtitDrogo Protoss 

Build Orders: 1 Gate Expand, Oracle Opening, Zealot Archon 

Get SALT Encoding   

  12  0:00  Probe  
  13  0:12  Probe  
  14  0:19  Pylon  
  14  0:24  Probe  
  15  0:29  Assimilator  
  15  0:37  Probe (Chrono Boost)  
  16  0:43  Gateway  
  16  0:49  Probe (Chrono Boost)  
  17  0:53  Probe (Chrono Boost)  
  18  1:04  Probe  
  19  1:16  Probe  
  20  1:25  Nexus  
  20  1:35  Cybernetics Core  
  20  1:38  Probe  
  21  1:44  Assimilator  
  21  1:50  Probe  
  21  1:53  Pylon  
  22  2:03  Probe  
  23  2:10  Adept (Chrono Boost)  
  23  2:12  Stargate  
  23  2:15  Probe  
  26  2:18  Warp Gate  
  26  2:27  Probe (Chrono Boost)  
  27  2:32  Stalker  
  29  2:38  Probe (Chrono Boost)  
  31  2:45  Probe (Chrono Boost)  
  31  2:47  Probe (Chrono Boost)  
  33  2:51  Probe (Chrono Boost)  
  33  2:52  Probe (Chrono Boost)  
  33  2:53  Oracle (Chrono Boost)  
  37  3:03  Probe  
  37  3:04  Probe  
  39  3:09  Gateway  
  39  3:15  Probe  
  39  3:16  Probe  
  39  3:17  Pylon  
  41  3:20  Oracle (Chrono Boost)  
  44  3:27  Probe  
  44  3:28  Probe  
  46  3:39  Probe  
  47  3:44  Nexus, Probe  
  47  3:48  Pylon  
  48  3:53  Oracle  
  51  3:56  Probe  
  51  3:57  Probe  
  51  4:00  Pylon  
  53  4:06  Adept  
  53  4:08  Probe  
  56  4:22  Probe x2  
  56  4:24  Assimilator x2  
  58  4:27  Robotics Facility  
  58  4:34  Probe (Chrono Boost)  
  58  4:35  Probe (Chrono Boost)  
  60  4:38  Twilight Council  
  60  4:39  Zealot, Forge  
  60  4:41  Zealot  
  64  4:46  Probe (Chrono Boost)  
  64  4:52  Probe (Chrono Boost)  
  66  4:55  Probe (Chrono Boost)  
  66  4:58  Probe (Chrono Boost)  
  69  5:01  Shield Battery  
  69  5:04  Probe (Chrono Boost)  
  69  5:06  Probe (Chrono Boost)  
  71  5:08  Probe (Chrono Boost)  
  71  5:12  Probe x2 (Chrono Boost), Gateway  
  71  5:13  Gateway  
  74  5:14  Probe (Chrono Boost)  
  74  5:15  Observer (Chrono Boost)  
  74  5:17  Charge  
  74  5:19  Protoss Ground Weapons Level 1  
  75  5:23  Probe (Chrono Boost)  
  78  5:28  Probe (Chrono Boost)  
  78  5:30  Probe (Chrono Boost)  
  78  5:32  Immortal (Chrono Boost), Probe (Chrono Boost)  
  78  5:35  Probe (Chrono Boost), Pylon  
  84  5:36  Assimilator  
  84  5:37  Probe  
  84  5:38  Assimilator  
  85  5:45  Pylon  
  85  5:49  Photon Cannon  
  85  5:53  Templar Archives, Probe x3  
  86  6:05  Probe x2  
  86  6:10  Immortal (Chrono Boost)  
  87  6:11  Stalker x2  
  87  6:12  Stalker  
  87  6:15  Probe  
  87  6:17  Probe  
  87  6:18  Probe  
  100  6:21  Zealot  
  100  6:23  Psionic Storm  
  101  6:34  Pylon  
  101  6:37  Gateway  
  101  6:39  Gateway  
  101  6:47  Pylon x2  
  101  6:52  Warp Prism (Chrono Boost), Probe x3  
  101  6:54  Gateway  
  106  6:57  High Templar  
  106  7:00  Photon Cannon  
  108  7:03  Photon Cannon  
  108  7:04  Shield Battery  
  108  7:05  High Templar  
  108  7:06  High Templar x2  
  114  7:15  Probe  
  114  7:16  Photon Cannon  
  114  7:22  Pylon  
  115  7:23  Archon x2  
  115  7:26  Pylon  
  115  7:28  Probe  
  108  7:32  Stalker x2  
  108  7:33  Stalker  
  89  7:37  Zealot  
Show
View Real Time Build Order
Export as new Build Order

Elazer Zerg - Winner!

Build Orders: Hatch First 

Get SALT Encoding   

  12  0:00  Drone  
  13  0:11  Overlord  
  13  0:16  Drone  
  14  0:30  Drone x2  
  16  0:49  Hatchery  
  15  0:51  Drone  
  15  0:55  Drone  
  17  0:58  Drone  
  18  1:09  Extractor  
  17  1:13  Spawning Pool  
  17  1:17  Drone  
  17  1:20  Drone  
  18  1:28  Drone  
  19  1:38  Drone  
  20  1:49  Drone  
  21  2:00  Queen x2  
  25  2:02  Drone  
  25  2:05  Overlord  
  26  2:11  Drone  
  26  2:12  Drone  
  26  2:15  Metabolic Boost  
  28  2:24  Drone x2  
  30  2:34  Drone, Hatchery  
  30  2:36  Drone  
  31  2:42  Queen  
  33  2:45  Zergling x2  
  33  2:48  Overlord  
  34  2:55  Drone x2  
  36  3:06  Queen  
  36  3:07  Drone x2  
  36  3:11  Drone x3  
  43  3:21  Overlord  
  43  3:22  Drone  
  43  3:26  Spore Crawler  
  43  3:30  Overlord x2  
  43  3:39  Queen, Drone  
  43  3:41  Drone  
  47  3:42  Drone  
  47  3:44  Drone x2  
  47  3:46  Queen  
  47  3:48  Drone x2  
  54  3:52  Drone x4  
  58  3:57  Overlord  
  58  4:03  Drone x2  
  60  4:15  Drone x5  
  63  4:20  Drone x4  
  63  4:23  Overlord  
  63  4:24  Queen  
  67  4:25  Queen  
  67  4:27  Drone  
  72  4:32  Drone  
  72  4:33  Drone  
  72  4:37  Roach Warren, Overlord  
  73  4:38  Extractor  
  73  4:43  Drone  
  73  4:51  Drone x5  
  78  4:57  Extractor  
  78  4:58  Overlord  
  77  5:01  Drone x3  
  77  5:05  Hatchery  
  77  5:07  Lair  
  79  5:08  Overlord  
  79  5:11  Zergling x8  
  79  5:12  Extractor  
  82  5:17  Overlord  
  82  5:18  Zergling x4  
  84  5:22  Overlord  
  84  5:24  Zergling x6  
  84  5:27  Drone x2  
  88  5:33  Zergling x12  
  94  5:38  Hatchery  
  94  5:39  Zergling x6  
  96  5:52  Drone x6  
  96  5:55  Hatchery  
  101  6:06  Overlord  
  101  6:07  Roach x7  
  101  6:09  Glial Reconstitution  
  112  6:11  Baneling Nest  
  112  6:16  Roach x2  
  114  6:23  Roach x4  
  114  6:24  Roach  
  119  6:27  Overlord  
  119  6:31  Roach x8  
  135  6:35  Overlord  
  135  6:39  Roach x2  
  139  6:44  Roach  
  139  6:45  Roach  
  143  6:50  Overlord  
  143  6:54  Zergling x6  
  143  6:55  Zergling x4  
  143  6:59  Baneling x15  
  143  7:01  Zergling x14  
  155  7:03  Baneling x2  
  155  7:05  Baneling  
  155  7:08  Zergling x12  
  161  7:15  Zergling x2  
  161  7:16  Zergling x4  
Tags
 
Add a new tag
Caveats
  • Supply blocks, unpowered buildings, or Contaminate may cause inaccurate times.
  • Supply counts are checked every 10 seconds.